[Event "Budapest GM ONE WEEK Feb 2024"]
[Site "Budapest"]
[Date "2024.03.01"]
[Round "7.1"]
[White "Pap, Misa"]
[Black "Grover, Sahaj"]
[Result "0-1"]
[ECO "C49"]
[WhiteElo "2422"]
[BlackElo "2503"]
[Annotator "RC"]
[PlyCount "166"]
[EventDate "2024.02.25"]
[EventType "tourn"]
[EventCountry "HUN"]
[SourceTitle "playchess.com"]
[Source "ChessBase"]
[SourceQuality "1"]
[TimeControl "5400+30"]

1. e4 e5 2. Nf3 Nc6 3. Nc3 Nf6 4. Bb5 Bb4 5. O-O O-O 6. Bxc6 dxc6 7. Nxe5 Re8 8. Nd3 Bxc3 9. dxc3 Nxe4 10. Bf4 g5 11. Be3 Bf5 12. Qf3 Bg6 13. Rfe1 b6 14. h4 h6 15. Qh3 Kg7 16. Bd4+ f6 17. f3 Nd6 18. Rxe8 Nxe8 19. hxg5 hxg5 20. f4 c5 21. fxg5 cxd4 22. Nf4 Kf7 23. Qe6+ Kg7 24. Qh3 Kf7 25. Re1 dxc3 26. bxc3 Qd6 27. Nxg6 Kxg6 28. Qh6+ Kf5 29. g6 Qc5+ 30. Kh1 Qf2 31. Qh5+ Kf4 32. Qh6+ Kg4 33. Qh3+ Kg5 34. Re3 Qh4 35. Rg3+ Kh5 36. g7 Nxg7 37. Qxh4+ Kxh4 38. Rxg7 Rc8 39. Kg1 Kh5 40. Kf2 Kh6 41. Rd7 Kg6 42. Kf3 f5 43. c4 Kf6 44. c5 Ke5 45. c6 b5 46. a3 a5 47. c3 a4 48. g3 Rf8 49. Rxc7 Kd6 50. Rd7+ Kxc6 51. Rd4 Re8 52. Rf4 Re1 53. Rxf5 Rc1 54. Ke4 Rxc3 55. Kd4 Rxa3 56. Rf6+ Kd7 57. Kc5 Rb3 58. g4 Ke7 59. Ra6 a3 60. g5 Kf7 61. Kd4 b4 62. Ke5 Rb1 63. g6+ Kg7 64. Kf5 Rf1+ 65. Kg5 Rg1+ 66. Kf5 Rg2 67. Ra7+ Kf8 68. Ra8+ Ke7 69. Ra4 a2 70. Ra7+ Kd6 71. g7 b3 72. Ra6+ Kc5 73. Rg6 Rxg6 74. Kxg6 a1=Q 75. g8=Q Qg1+ 76. Kf7 Qxg8+ 77. Kxg8 b2 78. Kf7 b1=Q 79. Kf6 Qe4 80. Kg5 Qf3 81. Kg6 Kd6 82. Kg5 Ke6 83. Kh4 Qg2 0-1

[Event "Budapest GM ONE WEEK Feb 2024"]
[Site "Budapest"]
[Date "2024.03.01"]
[Round "7.2"]
[White "Vetoshko, Volodymyr"]
[Black "Bodi, Tibor"]
[Result "1/2-1/2"]
[ECO "E10"]
[WhiteElo "2505"]
[BlackElo "2294"]
[Annotator "TA"]
[PlyCount "137"]
[EventDate "2024.02.25"]
[EventType "tourn"]
[EventCountry "HUN"]
[SourceTitle "playchess.com"]
[Source "ChessBase"]
[SourceQuality "1"]
[TimeControl "5400+30"]

1. d4 Nf6 2. c4 e6 3. Nf3 d5 4. g3 c5 5. cxd5 exd5 6. Bg2 Nc6 7. O-O cxd4 8. Nxd4 Be7 9. Nc3 O-O 10. Bf4 Bg4 11. h3 Bh5 12. Nf5 Bg6 (12... Bb4 $1 $11 {keeps the balance.}) 13. Nxe7+ $16 Qxe7 14. Nxd5 Nxd5 15. Qxd5 (15. Bxd5 Rad8 16. Qd2 h6 $17) 15... Qxe2 16. Qb3 Qa6 17. Rfd1 Bf5 18. Bf1 Qb6 19. Qxb6 axb6 20. Bc7 Be6 21. a3 Na5 ({Black should try} 21... b5) 22. Rac1 $16 Nb3 23. Rc3 Nc5 24. Re3 ({Worse is} 24. Bxb6 Na4 25. Bd4 Nxc3 26. Bxc3 b6 $17) (24. Rd4 $142) 24... Na4 25. Be5 Rfd8 26. Red3 ({White should play} 26. Rxd8+ $16 Rxd8 27. Re4) 26... Rxd3 $14 27. Rxd3 f6 28. Rd6 Kf7 29. Bf4 $1 Ke7 30. h4 Rd8 31. Rxd8 Kxd8 32. b4 Nb2 33. Bc1 Nc4 34. Bg2 Kc7 35. Kf1 b5 36. Be4 h6 37. Ke2 b6 38. Kd3 Kd6 39. Kd4 Ne5 40. Bg2 Bd7 41. Bf4 g5 42. Bc1 Nc6+ 43. Kc3 Ne5 44. f4 gxf4 (44... Nf7 $16) 45. Bxf4 $18 h5 46. Bf3 Be8 47. Be2 (47. g4 $18) 47... Kd5 $16 48. Be3 Nc4 49. Bf3+ Ke6 50. Bc1 Nd6 (50... Ne5 $142 51. Be2 Ng4) 51. Bf4 f5 (51... Nf5 $16 {might work better.} 52. Be2 Ne7) 52. Kd4 $18 Ne4 53. Bc7 Bg6 (53... Kf6 {was necessary.} 54. Ke3 (54. Bxb6 Nxg3 55. Bc7 Ne4 $16) 54... Kg6) 54. Bxb6 $18 Nxg3 55. Bc6 f4 56. Bxb5 Nf5+ 57. Kc3 Nxh4 58. a4 Be4 59. Bc4+ $2 (59. Bf1 $18 {is more deadly.}) 59... Kd7 $16 60. Kd4 (60. Bf7 $16) 60... Bc6 $2 {[%emt 0:01:12] [#]} (60... Bg2 $1 $11 {and Black is okay.}) 61. b5 (61. a5 $1 $18 {is the precise move to win.}) 61... Nf3+ $2 {[%emt 0:00:08][%mdl 8192] [#]} (61... Bg2 $16) 62. Kc5 $2 (62. Kc3 $1 $18) 62... Ba8 $14 63. Bf1 Ng5 $1 64. Ba7 (64. Kb4 $14) 64... h4 $11 65. Kb4 h3 66. Bg1 f3 67. b6 f2 68. Bh2 $1 Kc6 69. a5 1/2-1/2

[Event "Budapest GM ONE WEEK Feb 2024"]
[Site "Budapest"]
[Date "2024.03.01"]
[Round "7.3"]
[White "Paschall, William"]
[Black "Pribelszky, Bence"]
[Result "0-1"]
[ECO "A04"]
[WhiteElo "2331"]
[BlackElo "2371"]
[Annotator "TA"]
[PlyCount "99"]
[EventDate "2024.02.25"]
[EventType "tourn"]
[EventCountry "HUN"]
[SourceTitle "playchess.com"]
[Source "ChessBase"]
[SourceQuality "1"]
[TimeControl "5400+30"]

1. Nf3 b6 2. c4 Bb7 3. g3 g6 4. Bg2 Bg7 5. d4 Nf6 6. O-O O-O 7. Nc3 Ne4 8. Nxe4 Bxe4 9. Be3 d5 {[%emt 0:11:45] A50: Queen's Fianchetto Defence (1 d4 Nf6 2 c4 b6).} 10. Rc1 Nc6 11. Qd2 Qd7 12. Rfd1 Rfd8 13. b3 $146 ({Predecessor:} 13. Qc3 Rac8 14. b3 dxc4 15. Qxc4 Na5 16. Qb4 c5 17. dxc5 Qxd1+ 18. Rxd1 Rxd1+ 19. Bf1 {0-1 Akobian,V (2637)-Yankovsky,R (2436) North American op 24th 2014 (8)}) 13... a5 14. Bf1 Bxf3 (14... dxc4 {feels hotter.} 15. Ng5 c3 16. Qxc3 Bd5) 15. exf3 dxc4 16. Rxc4 b5 17. Rcc1 Nxd4 (17... Bxd4 $2 18. Qe1 (18. Bxb5 Bxe3 19. Qxe3 Qxd1+ 20. Rxd1 Rxd1+ 21. Kg2 Nd4 $14) (18. Rxc6 $2 Qxc6 19. Bxd4 e5 $19) 18... Qe6 19. Rxc6 (19. Bxb5 Bxe3 20. Rxc6 Rxd1 $14) 19... Qxc6 20. Rxd4 $18 (20. Bxd4 Qe6 $18)) 18. Bxd4 (18. Kh1 $11) 18... Bxd4 $17 19. Qe2 c6 20. f4 Rac8 21. a4 bxa4 22. bxa4 Rb8 23. Rb1 Rb4 24. Rxb4 axb4 25. Rb1 Bc3 ({Black should play} 25... c5 $19 26. Qa2 g5) 26. Qf3 (26. a5 $17) 26... Qa7 $1 $19 27. Rd1 Bd4 28. Qb3 Bxf2+ 29. Kg2 Rxd1 30. Qxd1 Bb6 31. Bc4 e6 32. Qd6 Qb7 33. Kh3 {[%emt 0:01:17] [#]} c5 $1 34. Qe5 Qc8 35. Qd6 Qb7 36. Qe5 h6 37. Qd6 h5 38. Qe5 Qc8 39. Qd6 Qb7 40. Qe5 Kh7 41. Qd6 (41. Qf6 {is a better defense.}) 41... Qa7 42. Qf8 {[%emt 0:02:55] [#]} Qd7 $2 (42... Qxa4 43. Qxf7+ Kh8 44. Qf8+ (44. Bxe6 Qa8 45. f5 gxf5 46. Qxh5+ Kg7 47. Qg5+ Kh7 48. Bxf5+ Kh8 49. Qh6+ Kg8 50. Be6#) 44... Kh7 45. Bxe6 Qa7 46. Bg8+ Kh8 47. Bf7+ Kh7 48. Qg8+ Kh6 49. Qxg6#) (42... Qc7 $1 $19 43. Kg2 Qd7) 43. Bb5 $1 $11 Qc7 44. Be8 b3 45. Bxf7 Qd8 46. Be8 b2 47. Qf7+ Kh8 48. Qxg6 Qe7 49. Bb5 (49. Qxh5+ $2 {too greedy.} Qh7 50. Kg4 b1=Q $19 (50... b1=B $2 51. Qxh7+ Kxh7 52. Bb5 $19) (50... Qxh5+ $2 51. Kxh5 b1=Q 52. Bg6 $19)) 49... Qh7 50. Qe8+ (50. Qxe6 $2 {perishes.} b1=Q (50... b1=B 51. Qxb6 Qf5+ 52. Kg2 $11) 51. Qe5+ Qg7 52. Qxh5+ Qgh7 (52... Qbh7 $2 53. Qxh7+ Qxh7+ 54. Kg4 $19) 53. Qxh7+ Qxh7+ $19) 0-1

[Event "Budapest GM ONE WEEK Feb 2024"]
[Site "Budapest"]
[Date "2024.03.01"]
[Round "7.4"]
[White "Pasti, Aron"]
[Black "Tomic, Aleksandar"]
[Result "1-0"]
[ECO "B12"]
[WhiteElo "2389"]
[BlackElo "2398"]
[Annotator "TA"]
[PlyCount "45"]
[EventDate "2024.02.25"]
[EventType "tourn"]
[EventCountry "HUN"]
[SourceTitle "playchess.com"]
[Source "ChessBase"]
[SourceQuality "1"]
[TimeControl "5400+30"]

1. e4 c6 2. d4 d5 3. e5 Bf5 4. g4 Bd7 5. Nc3 Qc8 6. h3 e6 7. Be3 c5 8. dxc5 {[%emt 0:01:00] The position is equal.} Bxc5 9. Qd2 h5 10. Bg2 Bb4 11. Nge2 hxg4 12. hxg4 Rxh1+ 13. Bxh1 Qc4 14. f4 Nc6 15. a3 Bc5 16. O-O-O {[%emt 0:04:22] Strongly threatening Bxc5.} O-O-O 17. Bxc5 Qxc5 18. Kb1 Nge7 19. Nc1 g5 20. Nd3 Qd4 {[%emt 0:03:12] [#]} (20... Qc4 $11) 21. Nb5 $18 ({Not} 21. fxg5 Qxg4 22. Nb5 Nf5 $11) 21... Qb6 22. Nd6+ Kb8 23. Nxf7 {[%emt 0:00:06] Weighted Error Value: White=0.07 (flawless) /Black=0.31.  Loses game:     	---       	Black=1      Inaccurate:     	White=1     	Black=1      OK:         	White=6     	Black=7      Best:        	White=2     	---} ({Less strong is} 23. fxg5 Ng6 $16) 1-0

[Event "Budapest GM ONE WEEK Feb 2024"]
[Site "Budapest"]
[Date "2024.03.01"]
[Round "7.5"]
[White "Gaal, Zsoka"]
[Black "Paszewski, Mateusz"]
[Result "0-1"]
[ECO "A08"]
[WhiteElo "2341"]
[BlackElo "2286"]
[Annotator "TA"]
[PlyCount "128"]
[EventDate "2024.02.25"]
[EventType "tourn"]
[EventCountry "HUN"]
[SourceTitle "playchess.com"]
[Source "ChessBase"]
[SourceQuality "1"]
[TimeControl "5400+30"]

1. Nf3 d5 2. g3 Nf6 3. Bg2 e6 4. O-O c5 5. d3 Nc6 6. Nbd2 Be7 7. e4 O-O 8. Re1 h6 {[%emt 0:01:58] C00: French: Unusual White 2nd moves.} 9. e5 {[%emt 0:00:52] 9.c3 deserves study.} Nh7 10. h4 Qc7 11. Nf1 b5 12. Bf4 a5 13. N1h2 a4 $146 ({Predecessor:} 13... Ba6 14. Ng4 Kh8 15. Qd2 Rg8 16. h5 b4 17. c3 a4 18. Rec1 a3 19. cxb4 axb2 20. Qxb2 {1-0 Sachi,J (1743)-Jiang,T (1917) Wch U14 Girls 2023 (2)}) 14. a3 Bb7 15. Ng4 Rfc8 16. Nfh2 Bf8 17. Nxh6+ gxh6 18. Qg4+ Kh8 19. Qh5 Bg7 20. Ng4 Rg8 21. c4 bxc4 22. dxc4 Nd4 23. cxd5 Bxd5 24. Bxd5 exd5 25. e6 Qb7 26. exf7 Nf3+ 27. Kf1 Rgf8 28. Re8 {[%emt 0:01:18] [#]} Qb5+ $2 (28... Qxb2 29. Rc1 Nd2+ 30. Bxd2 Qxd2 31. Rxc5 $11) ({Better is} 28... d4 $1 $19 29. Rxa8 (29. Nxh6 $2 Nf6 $19) (29. Rc1 $2 $19)) 29. Kg2 $11 Raxe8 (29... Qxb2 $2 30. Rc1 Qb7 31. Nxh6 $18 (31. Kxf3 d4+ 32. Re4 Rac8 $16)) 30. fxe8=Q Rxe8 (30... Qxe8 $11 31. Qxe8 Nxh4+ (31... Rxe8 32. Kxf3 Bxb2 33. Rb1 $18) 32. gxh4 Rxe8) 31. Kxf3 $16 Qd3+ (31... d4 $16 32. Kg2 (32. Nxh6 $2 Qc6+ 33. Kg4 Nf6+ 34. Kh3 Nxh5 $19) 32... Re2) 32. Kg2 $18 Re2 {[%emt 0:00:26] [#]} 33. Bxh6 (33. Nxh6 $6 Nf6 34. Qf5 Qe4+ 35. Kg1 Bxh6 36. Qxf6+ Bg7 $16) ({White has to play} 33. Rf1 $1 $18) 33... Bd4 $2 (33... Bxh6 $16 34. Qxh6 Qf5) 34. Qxd5 Nf6 35. Qd8+ $2 (35. Qa8+ $18 Re8 36. Qf3 (36. Qxa4 Qe4+ 37. f3 Qe2+ 38. Kh3 Qxf3 $18) 36... Qxf3+ 37. Kxf3 Nxg4 38. Kxg4 Bxf2 39. Kg5) 35... Ng8 $2 (35... Re8 $11 {and Black has nothing to worry.} 36. Bg7+ Kxg7 37. Qc7+ Kh8 38. Nxf6 Bxf6 39. Qxc5 Qe4+ (39... Bxb2 40. Qh5+ Kg7 41. Qxe8 $16) 40. Kh2 Bxb2) 36. Bf4 $18 Qe4+ 37. Kg1 $4 (37. Kh3 $18 {avoids the disaster.}) 37... Qf3 $1 $19 38. Be5+ $2 (38. Rf1 Qxg4 39. Qf8) 38... Bxe5 39. Qg5 Bd4 ({But not} 39... Bxb2 40. Rb1 $19) 40. Qh5+ $2 (40. Kh2 {was called for.}) 40... Kg7 $19 41. Qg5+ Kf7 42. Kh2 Nf6 (42... Bxf2 43. Ne5+ Rxe5 44. Qxe5 $15) 43. Kh3 Qxg4+ 44. Qxg4 Nxg4 45. Kxg4 Rxf2 46. h5 Rxb2 47. Rf1+ Ke6 48. h6 Rh2 49. Re1+ Kf6 50. Rf1+ Kg6 51. Rf8 Ra2 (51... c4 $142 52. Rd8 Bf6 53. Rg8+ Kxh6) 52. Ra8 $19 Rxa3 53. Ra6+ Kh7 54. Kh5 Rxg3 55. Ra7+ Kg8 56. Rxa4 Kf7 57. Ra6 Rg1 58. Rc6 Ke7 59. h7 Kd7 60. Ra6 Re1 (60... Be5 $142 61. Ra4 Kd6 (61... Rh1+ $2 62. Kg6 $19) 62. Ra8 Rh1+ 63. Kg6 c4 64. Rd8+ Ke7 65. Rd2 c3 66. Rf2 Kd6 67. Rg2 Kc5 68. Kf5 Bd4 69. Kg5 Rxh7 70. Kf4 Kc4 71. Ra2 Kd3 72. Ra3 Rf7+ 73. Kg4 Ra7 74. Rb3 Kc4 75. Rb1 Rg7+ 76. Kf3 Rg1 77. Rxg1 Bxg1 78. Kg2 c2 79. Kxg1 c1=Q+ (79... c1=B 80. Kh2 $11) 80. Kg2 Qg5+ 81. Kf2 Kd3 82. Kf3 Qh4 83. Kg2 Ke3 84. Kg1 Kf3 85. Kf1 Qh1#) 61. Ra8 Kc6 62. Kg6 Rh1 63. Rc8+ Kd5 64. Rc7 Ke4 0-1

[Event "Budapest GM ONE WEEK Feb 2024"]
[Site "Budapest"]
[Date "2024.03.01"]
[Round "8.1"]
[White "Grover, Sahaj"]
[Black "Paszewski, Mateusz"]
[Result "1/2-1/2"]
[ECO "B12"]
[WhiteElo "2503"]
[BlackElo "2286"]
[Annotator "TA"]
[PlyCount "73"]
[EventDate "2024.02.25"]
[EventType "tourn"]
[EventCountry "HUN"]
[SourceTitle "playchess.com"]
[Source "ChessBase"]
[SourceQuality "1"]
[TimeControl "5400+30"]

1. e4 c6 2. d4 d5 3. e5 Bf5 4. Bd3 Bxd3 5. Qxd3 e6 6. Ne2 c5 7. c3 cxd4 8. cxd4 Bb4+ 9. Nbc3 Nc6 10. O-O Nge7 11. Na4 Qa5 12. b3 {[%emt 0:02:59] [#] a3 is the strong threat.} Qa6 13. Qxa6 bxa6 14. a3 Ba5 15. Nc5 (15. Bb2 {feels stronger.}) 15... Bb6 $11 16. b4 a5 17. Bd2 $1 axb4 18. axb4 O-O 19. Ra6 Bxc5 20. bxc5 Rfb8 21. Bg5 Rb2 22. Bxe7 Nxe7 23. Re1 Rab8 24. g4 (24. Rxa7 $2 {loses.} Rxe2 25. Kf1 Rxe1+ (25... Nc6 $2 26. Kxe2 Nxa7 27. Ke3 $19) 26. Kxe1 Nc6 $19) 24... R8b7 25. Rd6 Ng6 (25... g5 $11 {remains equal.}) 26. Rd8+ $16 Nf8 {[%emt 0:00:01] [#]} 27. Kf1 ({Better is} 27. f4 $1 $16) 27... Rc2 $1 $14 28. Nf4 (28. Rc1 $2 Rxc1+ 29. Nxc1 Rb1 $19) (28. Ng3 $14) 28... g5 $11 29. Ne2 (29. c6 $11 Rbb2 (29... Rxc6 30. Nh5 $11) 30. Nh5 (30. Nd3 Rb6 $11)) 29... Rbb2 $17 30. Ra8 Ra2 (30... Kg7 $17 {...Ng6 would now be deadly.} 31. Rxa7 Ng6) 31. Rb8 $1 $15 Kg7 32. Rbb1 Ng6 {[%emt 0:01:52] Threatens to win with ...Nf4.} 33. Rbc1 $1 Rcb2 {[%emt 0:00:39] Strongly threatening ...Nf4.} 34. Rb1 Rc2 {[%emt 0:00:03] aiming for ...Nf4.} 35. Rbc1 $1 Rcb2 {[%emt 0:00:01] White must now prevent ...Nf4.} 36. Rb1 $1 Rc2 {[%emt 0:00:01] Hoping for ...Nf4.} 37. Rbc1 $1 {[%emt 0:02:36] Weighted Error Value: White=0.15 (very precise) /Black=0.21 (precise) .  Mistake:       	White=4     	Black=2      Inaccurate:     	White=2     	Black=3      OK:         	White=9     	Black=11     Best:        	White=2     	Black=1      Strong:       	White=6     	Black=1} 1/2-1/2

[Event "Budapest GM ONE WEEK Feb 2024"]
[Site "Budapest"]
[Date "2024.03.01"]
[Round "8.2"]
[White "Tomic, Aleksandar"]
[Black "Gaal, Zsoka"]
[Result "1/2-1/2"]
[ECO "A46"]
[WhiteElo "2398"]
[BlackElo "2341"]
[Annotator "TA"]
[PlyCount "91"]
[EventDate "2024.02.25"]
[EventType "tourn"]
[EventCountry "HUN"]
[SourceTitle "playchess.com"]
[Source "ChessBase"]
[SourceQuality "1"]
[TimeControl "5400+30"]

1. d4 Nf6 2. Nf3 e6 3. Bf4 d5 4. e3 c5 5. Nbd2 Qb6 6. Rb1 cxd4 7. exd4 Bd7 8. c3 {[%emt 0:07:45] The position is equal.} Bb5 9. Bxb8 Rxb8 10. Qb3 Bxf1 11. Qxb6 axb6 12. Kxf1 Bd6 13. g3 Nd7 14. Kg2 b5 15. a3 f6 16. Ne1 g5 17. Nd3 Kf7 18. Rbe1 Ra8 19. Re2 Nf8 (19... Rae8 $11) 20. Rhe1 (20. h4 $14 g4 21. Rhe1) 20... h5 21. Nb3 b6 {[%emt 0:00:30] Inhibits Nbc5.} 22. h3 h4 23. g4 Re8 24. Na1 Ng6 25. Nc2 Re7 26. Ne3 Rg8 27. Nc2 Rge8 28. Ne3 Ra8 29. Nc2 Rc8 30. Ne3 {[%emt 0:08:06] [#]} (30. Rd2 $11) 30... Ke8 ({Black should play} 30... Bxa3 $1 $17 31. Ra1 (31. bxa3 $2 Rxc3 32. Nb4 Nf4+ 33. Kf1 Nxe2 $17) 31... Bd6) 31. Kf1 Kd7 32. Ng2 Rce8 33. Kg1 Rg8 34. Kh1 Rge8 35. Kg1 e5 36. dxe5 fxe5 37. Rd1 Kc6 38. Red2 e4 39. Nde1 Nf4 ({Much worse is} 39... Re5 $6 40. Nc2 $16) (39... Bc5 $1 $11) 40. Nxf4 $14 Bxf4 41. Re2 ({Reject} 41. Rxd5 e3 42. fxe3 Rxe3 $15) 41... e3 {[%emt 0:02:57] [#]} (41... Rd8 $14) 42. f3 $1 $16 d4 43. Rxd4 ({But not} 43. cxd4 Kd6 $16) 43... Rd7 44. Rxd7 Kxd7 45. Kf1 Kc6 46. Rc2 {Weighted Error Value: White=0.11 (very precise) /Black=0.13 (very precise) .  Mistake:       	White=3     	Black=4      Inaccurate:     	White=1     	Black=2      OK:         	White=12    	Black=13     Best:        	White=1     	Black=1      Strong:       	White=1     	---} ({White should try} 46. Nc2 $16) 1/2-1/2

[Event "Budapest GM ONE WEEK Feb 2024"]
[Site "Budapest"]
[Date "2024.03.01"]
[Round "8.3"]
[White "Pribelszky, Bence"]
[Black "Pasti, Aron"]
[Result "1/2-1/2"]
[ECO "E44"]
[WhiteElo "2371"]
[BlackElo "2389"]
[Annotator "TA"]
[PlyCount "25"]
[EventDate "2024.02.25"]
[EventType "tourn"]
[EventCountry "HUN"]
[SourceTitle "playchess.com"]
[Source "ChessBase"]
[SourceQuality "1"]
[TimeControl "5400+30"]

1. d4 Nf6 2. c4 e6 3. Nc3 Bb4 4. e3 b6 5. Nge2 Bb7 6. a3 Be7 7. d5 O-O 8. g3 b5 9. b3 d6 10. e4 ({Bitte nicht} 10. cxb5 Nxd5 11. Rg1 Bf6 $17) 10... bxc4 {[%emt 0:01:52] Die Stellung ist ausgeglichen.} 11. bxc4 Nfd7 12. Nd4 Bf6 13. Rb1 {[%emt 0:11:43] Nicht viel passiert in dieser Partie.   Gewichteter Fehlerwert: Weiß=0.23 (präzise) /Schwarz=0.07 (makellos) .  Ungenau:       	Weiß=1     	Schwarz=1     OK:         	---       	Schwarz=2} 1/2-1/2

[Event "Budapest GM ONE WEEK Feb 2024"]
[Site "Budapest"]
[Date "2024.03.01"]
[Round "8.4"]
[White "Bodi, Tibor"]
[Black "Paschall, William"]
[Result "1/2-1/2"]
[ECO "B27"]
[WhiteElo "2294"]
[BlackElo "2331"]
[Annotator "TA"]
[PlyCount "35"]
[EventDate "2024.02.25"]
[EventType "tourn"]
[EventCountry "HUN"]
[SourceTitle "playchess.com"]
[Source "ChessBase"]
[SourceQuality "1"]
[TimeControl "5400+30"]

1. e4 c5 2. Nf3 g6 3. d4 cxd4 4. Qxd4 Nf6 5. e5 Nc6 6. Qa4 Nd5 7. Qe4 Nb6 8. Nc3 d5 9. exd6 Bf5 $1 {[%emt 0:01:02] Die Stellung ist ausgeglichen.} 10. Qf4 ({Vorzuziehen ist} 10. Qe2 $11) 10... Bg7 $15 11. Bd3 Bxd3 ({Natürlich nicht} 11... Qxd6 $6 12. Qxd6 exd6 13. Bxf5 gxf5 14. Ne2 $16) 12. cxd3 Qxd6 (12... e5 $17 13. Qg4 Qxd6) 13. Qxd6 $11 exd6 14. O-O Kd7 15. Be3 Nc8 16. Rfe1 N8e7 17. Kf1 h6 18. Ke2 {[%emt 0:00:41] Gewichteter Fehlerwert: Weiß=0.19 (sehr präzise) /Schwarz=0.10 (sehr präzise) .  Fehler:       	Weiß=1     	Schwarz=1     Ungenau:       	Weiß=2     	---        OK:         	Weiß=2     	Schwarz=4     Bester:       	Weiß=1     	Schwarz=1     Stark:        	---       	Schwarz=1} 1/2-1/2

[Event "Budapest GM ONE WEEK Feb 2024"]
[Site "Budapest"]
[Date "2024.03.02"]
[Round "9.2"]
[White "Paschall, William"]
[Black "Pap, Misa"]
[Result "1-0"]
[ECO "A04"]
[WhiteElo "2331"]
[BlackElo "2422"]
[Annotator "RC"]
[PlyCount "191"]
[EventDate "2024.02.25"]
[EventType "tourn"]
[EventCountry "HUN"]
[SourceTitle "playchess.com"]
[Source "ChessBase"]
[SourceQuality "1"]
[TimeControl "5400+30"]

1. Nf3 f5 2. d3 Nc6 3. e4 e5 4. d4 fxe4 5. Nxe5 Nf6 6. Bc4 d5 7. Bb5 Bd7 8. Nc3 Bb4 9. Bxc6 bxc6 10. O-O O-O 11. Bg5 Qe8 12. f3 Bc8 13. a3 Bxc3 14. bxc3 Ba6 15. Re1 Nd7 16. Nxd7 Qxd7 17. fxe4 dxe4 18. Be3 Rf6 19. Qh5 Qd5 20. Qe5 Raf8 21. h3 Qf7 22. Kh2 Bc4 23. Rad1 Re8 24. Qc5 a6 25. Rd2 Qd5 26. Rf2 Ref8 27. Rxf6 Rxf6 28. Rb1 h6 29. Rb4 Be2 30. Qe7 Qd6+ 31. Qxd6 cxd6 32. c4 d5 33. Rb8+ Kh7 34. c5 Bb5 35. Rb6 a5 36. Rb7 a4 37. Kg3 Bf1 38. Kh2 h5 39. Rb1 Kg6 40. h4 Bb5 41. Kg3 Kf5 42. Bg5 Re6 43. Re1 Re8 44. Be3 Rf8 45. Bf4 Rf7 46. Bg5 Ke6 47. Bf4 Kd7 48. Be5 Kc8 49. Bf4 Kb7 50. Bg5 Ka6 51. Bf4 Rb7 52. Rb1 Rf7 53. Re1 Ka7 54. Bg5 Bc4 55. Rb1 Be2 56. Rb4 Bb5 57. Rb1 Kb7 58. Bf4 Kc8 59. Re1 Rb7 60. Rb1 Kd7 61. Bg5 Ke6 62. Bf4 Kf5 63. Be3 Re7 64. Re1 Re6 65. Bg5 Rg6 66. Re3 Bc4 67. Re1 Re6 68. Be3 Re8 69. Rb1 Bb5 70. Re1 Re6 71. Bg5 Ba6 72. Be3 Rg6+ 73. Bg5 Bc4 74. Re3 Rxg5+ 75. hxg5 Kxg5 76. Kf2 Kf5 77. Rh3 g6 78. Rh1 Kg4 79. Rb1 h4 80. Rb6 Kf4 81. Rxc6 e3+ 82. Ke1 g5 83. Rf6+ Kg3 84. c6 Ba6 85. c7 Bb7 86. Rb6 Bc8 87. Rb8 Ba6 88. c8=Q Bxc8 89. Rxc8 Kxg2 90. Rg8 h3 91. Rxg5+ Kf3 92. Rxd5 h2 93. Rh5 Kg2 94. Ke2 h1=Q 95. Rxh1 Kxh1 96. Kxe3 1-0

[Event "Budapest GM ONE WEEK Feb 2024"]
[Site "Budapest"]
[Date "2024.03.02"]
[Round "9.3"]
[White "Pasti, Aron"]
[Black "Bodi, Tibor"]
[Result "1-0"]
[ECO "B12"]
[WhiteElo "2389"]
[BlackElo "2294"]
[Annotator "TA"]
[PlyCount "59"]
[EventDate "2024.02.25"]
[EventType "tourn"]
[EventCountry "HUN"]
[SourceTitle "playchess.com"]
[Source "ChessBase"]
[SourceQuality "1"]
[TimeControl "5400+30"]

1. e4 c6 2. d4 d5 3. e5 c5 4. dxc5 Nc6 5. Nf3 Bg4 6. a3 e6 7. b4 Qc7 (7... a5 $11 8. c3 Nxe5) 8. Bb2 {White is slightly better.} g6 9. Bb5 Bg7 10. Nbd2 Nge7 11. O-O O-O 12. Re1 a5 13. Bxc6 Nxc6 14. b5 Nb8 15. Bd4 Nd7 16. c4 $1 Nxc5 (16... Bxf3 $1 $14 17. Nxf3 dxc4) 17. cxd5 $16 exd5 {[#]} 18. Rc1 $1 b6 19. Nb3 $36 {[%mdl 2048] White is on the roll.} Qd7 (19... Qb7 $16) 20. Bxc5 $18 bxc5 21. Rxc5 Rfe8 (21... a4 {keeps fighting.}) 22. Rxd5 Qe7 23. a4 Rac8 $2 (23... Rad8 {was worth a try.} 24. h3 (24. Nxa5 Rxd5 25. Qxd5 Bxf3 $11) 24... Rxd5 25. Qxd5 Be6) 24. h3 Be6 25. Rd6 {White is clearly winning.} Rc4 (25... Qa7 $142 26. Nbd4 Bf8 27. Nxe6 fxe6) 26. Nxa5 Rf4 27. Nc6 Qc7 {[#]} 28. b6 $1 Qb7 (28... Qc8 29. Ne7+) 29. Na5 Qa8 30. b7 $2 {[%mdl 32768] Weighted Error Value: White=0.27 (precise) /Black=0.38.  Mistake:       	---       	Black=6      Inaccurate:     	White=1     	Black=1      OK:         	White=7     	Black=4      Best:        	White=3     	---        Strong:       	White=2     	---       . Loss on time!?} ({White should play} 30. Rxe6 $18 fxe6 31. Qd7) 1-0